 Dungeon Crawl Stone Soup version 0.30-a0-722-g3e6e8c874d (webtiles) character file.

Game seed: 4601577729681476044

867 warriortoast the Trooper (level 8, -1/68 HPs)
             Began as a Barachi Fighter on Jan 27, 2023.
             Slain by an orc warrior
             ... wielding a +0 battleaxe
              (11 damage)
             ... on level 5 of the Dungeon.
             The game lasted 00:07:02 (4614 turns).

warriortoast the Trooper (Barachi Fighter)          Turns: 4614, Time: 00:07:03

Health: -1/68      AC: 12    Str: 19    XL:     8   Next: 3%
Magic:  8/8        EV:  9    Int:  9    God:
Gold:   294        SH:  4    Dex: 12    Spells: 7/7 levels left

rFire   . . .      SeeInvis .    a - +0 war axe
rCold   . . .      Faith    .    c - +0 buckler
rNeg    . . .      Spirit   .    b - +0 scale mail
rPois   .          Reflect  .    (no helmet)
rElec   .          Harm     .    (no cloak)
rCorr   .          Rampage  .    D - +0 pair of gloves
Will    .....                    (no boots) Stlth
                                 A - amulet of magic regeneration
HPRegen 0.31/turn                l - +4 ring of protection
MPRegen 0.51/turn                (no ring)

@: unable to hop, slow
A: amphibious, slowness 1, strong legs 1, +LOS
a: Hop


You were on level 5 of the Dungeon.
You visited 1 branch of the dungeon, and saw 6 of its levels.

You collected 294 gold pieces.

Inventory:

Hand Weapons
 a - a +0 war axe (weapon)
 C - a +0 antimagic flail
Missiles
 h - 2 throwing nets
 q - 13 poisoned darts
 w - 4 boomerangs
Armour
 b - a +0 scale mail (worn)
 c - a +0 buckler (worn)
 r - a +1 chain mail of positive energy
 y - a +0 pair of gloves
 D - a +0 pair of gloves (worn)
Jewellery
 j - a ring of ice
 l - a +4 ring of protection (left hand)
 A - an amulet of magic regeneration (around neck)
Wands
 o - a wand of flame (9) (quivered)
 p - a wand of roots (12)
 z - a wand of mindburst (14)
Scrolls
 g - 2 scrolls of magic mapping {unknown}
 i - 2 scrolls of noise {unknown}
 k - 4 scrolls of identify {unknown}
 m - 3 scrolls of teleportation {unknown}
 n - 2 scrolls of fog {unknown}
 u - a scroll of acquirement {unknown}
 x - a scroll of amnesia {unknown}
Potions
 d - a potion of might
 e - 2 potions of lignification {unknown}
 f - a potion of mutation {unknown}
 s - a potion of flight {unknown}
 t - a potion of haste {unknown}
 v - 3 potions of curing {unknown}
 B - a potion of degeneration {unknown}


   Skills:
 + Level 7.7 Fighting
 + Level 6.5 Axes
 + Level 3.3 Throwing
 - Level 3.6 Armour
 - Level 3.2 Shields


You had 7 spell levels left.
You didn't know any spells.
Your spell library contained the following spells:

 Spells                   Type           Power      Damage    Failure   Level
 Necrotise                Necr           0%         1d4       85%         1
 Summon Small Mammal      Summ           0%         N/A       85%         1
 Sublimation of Blood     Necr           0%         N/A       94%         2
 Wereblood                Tmut           0%         N/A       94%         2
 Call Canine Familiar     Summ           0%         N/A       99%         3
 Portal Projectile        Hex/Tloc       0%         N/A       99%         3
 Summon Guardian Golem    Hex/Summ       0%         N/A       99%         3
 Tukima's Dance           Hex            0%         N/A       99%         3
 Vampiric Draining        Necr           0%         2d6       99%         3
 Agony                    Necr           0%         N/A       100%        5
 Blade Hands              Tmut           0%         N/A       100%        5
 Summon Hydra             Summ           0%         N/A       100%        7


Dungeon Overview and Level Annotations

Branches:
Dungeon (6/15)
 Temple: D:4-7

Altars:
Fedhas
Gozag
Uskayaw
Wu Jian


Innate Abilities, Weirdness & Mutations

You are amphibious.
You cover ground slowly.
You can hop short distances.
You have an extended range of vision and can be seen from far away.


Message History

Hop to where?
Press: ? - help, Dir - move target Boing!
There is a stone staircase leading up here.
The orc warrior barely misses you.
You climb upwards.
There is a stone staircase leading down here.
You closely miss the orc warrior.
The orc warrior hits you with a +0 battleaxe!
You closely miss the orc warrior.
The orc warrior hits you with a +0 battleaxe!
The orc warrior hits you with a +0 battleaxe.
You barely miss the orc warrior.
The orc warrior hits you but does no damage.
You hit the orc warrior but do no damage.
The orc warrior hits you with a +0 battleaxe.
You are too injured to fight recklessly!
The orc warrior attacks as you move away!
The orc warrior hits you with a +0 battleaxe!
You barely miss the orc warrior. You block the orc warrior's attack.
You hit the orc warrior.
The orc warrior is lightly wounded.
The orc warrior hits you with a +0 battleaxe.
You block the orc warrior's attack.
You completely miss the orc warrior.
The orc warrior is lightly wounded.
The orc warrior misses you.
You closely miss the orc warrior.
The orc warrior is lightly wounded.
You block the orc warrior's attack.
You hit the orc warrior but do no damage.
The orc warrior is lightly wounded.
The orc warrior hits you with a +0 battleaxe!
* * * LOW HITPOINT WARNING * * *
You hit the orc warrior.
The orc warrior is lightly wounded.
The orc warrior hits you with a +0 battleaxe.
* * * LOW HITPOINT WARNING * * *
The orc warrior hits you with a +0 battleaxe!
You die...

######### #.......#####
#.####......#
###.####..###.########
#......#..###........#
#.#.##[............#.#
#.#.####..###..#...#.#
#.#...@o>.........##.#
#.##########[#.#####.#
####.# #)#.......#
#....##########.#########
#.#####.......#.#### #.#
#............#
##.#####.......#.##.#
#..............#....#
#..####........#..#.#


You could see an orc warrior.

Vanquished Creatures
  Eustachio (D:5)
  A water moccasin (D:5)
  An ogre (D:5)
  A phantom (D:4)
  A bullfrog (D:6)
  A jelly (D:5)
  4 hounds (D:5)
  An iguana (D:5)
  Ijyb (D:3)
  Natasha (twice) (D:3)
  4 adders
  2 shadow imps
  An ufetubus (D:4)
  5 worms
  3 dart slugs
  11 orcs
  3 endoplasms
  2 giant cockroaches
  5 goblins
  9 hobgoblins
  2 jackals (D:5)
  2 quokkas (D:3)
  8 ball pythons
  2 bats
  3 frilled lizards
  4 kobolds
  7 rats
87 creatures vanquished.

Notes
Turn   | Place    | Note
-------+----------+-------------------------------------------
     0 | D:1      | warriortoast the Barachi Fighter began the quest for the
                  | Orb.
     0 | D:1      | Reached XP level 1. HP: 18/18 MP: 1/1
   261 | D:1      | Reached XP level 2. HP: 24/25 MP: 2/2
   481 | D:2      | Reached skill level 4 in Fighting
   755 | D:2      | Reached XP level 3. HP: 31/31 MP: 3/3
   758 | D:2      | Found a faded altar of an unknown god.
  1106 | D:3      | Noticed a +0 dagger
  1106 | D:3      | Noticed a +0 dagger
  1108 | D:3      | Reached XP level 4. HP: 38/38 MP: 4/4
  1188 | D:3      | Reached skill level 5 in Fighting
  1266 | D:3      | Found a hide-covered altar of Uskayaw.
  1268 | D:3      | Noticed Natasha
  1278 | D:3      | Killed Natasha
  1308 | D:3      | Noticed Natasha
  1316 | D:3      | Killed Natasha
  1317 | D:3      | Reached XP level 5. HP: 28/44 MP: 5/5
  1385 | D:3      | Noticed Ijyb
  1407 | D:3      | Killed Ijyb
  1856 | D:3      | Found an opulent altar of Gozag.
  2100 | D:4      | Noticed a phantom
  2225 | D:4      | Killed a phantom
  2226 | D:4      | Reached skill level 6 in Fighting
  2226 | D:4      | Reached skill level 5 in Axes
  2226 | D:4      | Reached XP level 6. HP: 19/52 MP: 6/6
  2750 | D:4      | Found a blossoming altar of Fedhas.
  2922 | D:4      | Found an ornate altar of the Wu Jian Council.
  3386 | D:5      | Entered Level 5 of the Dungeon
  3386 | D:5      | Noticed Eustachio
  3417 | D:5      | Killed Eustachio
  3418 | D:5      | Reached skill level 1 in Throwing
  3841 | D:5      | Reached XP level 7. HP: 59/59 MP: 7/7
  4008 | D:5      | Reached skill level 7 in Fighting
  4529 | D:6      | Reached XP level 8. HP: 68/68 MP: 8/8
  4593 | D:5      | Noticed a rust devil
  4593 | D:5      | Noticed a rust devil
  4614 | D:5      | Slain by an orc warrior

Illustrated notes

Levels and vault maps discovered:
D:1:      minmay_arrival_four_houses, layout_basic
D:2:      layout_rooms, hellmonk_ecumenical_altar_crossroads, kennysheep_nub,
          serial_bayou_pond_e, amethyst_killhole, grunt_ministairs_3
D:3:      layout_basic, dancing_weapons_uskayaw, mainiacjoe_overflow_alcove_1,
          minmay_misc_feat_chi, grunt_ministairs_1, corexii_leaking_fountain,
          kennysheep_donut, kennysheep_path_1, uniq_ijyb, uniq_natasha
D:4:      layout_basic, mainiacjoe_overflow_chevrons, lemuel_round_altar,
          st_stairs_11
D:5:      cheibrodos_iron_armory, layout_loops_cross, uniq_eustachio
D:6:      cheibrodos_fertilizer, layout_basic, minmay_temple_entry_butterflies

Skill      XL: |  1  2  3  4  5  6  7 |
---------------+----------------------+-----
Fighting       | 4 5 6 7 |  7.7
Axes           | 3 4 5 6 |  6.5
Throwing       | 1 3 |  3.3
Armour         | |  3.6
Shields        | |  3.2

Action                     |  1- 3 |  4- 6 |  7- 9 || total
---------------------------+-------+-------+-------++-------
  Melee: War axe           |    79 |   169 |    68 ||   316
Ability: Hop               |       |     1 |     1 ||     2
  Evoke: Wand              |       |    13 |     8 ||    21
 Armour: Scale mail        |    46 |   114 |    31 ||   191
  Dodge: Dodged            |    48 |   119 |    42 ||   209
  Block: Buckler           |    14 |    56 |    21 ||    91

Table legend: (Time is in decaauts)
 A = Elapsed time spent in this place.
 B = Non-inter-level travel time spent in this place.
 C = Inter-level travel time spent in this place.
 D = Time resting spent in this place.
 E = Time spent auto-exploring this place.
 F = Levels seen in this place.
 G = Mean time per level.
                   A        B        C        D        E       F      G
               +--------+--------+--------+--------+--------+-----+--------+
         Total |   5290 |   5143 |    147 |    967 |   3335 |   6 |  881.7 |
       Dungeon |   5290 |   5143 |    147 |    967 |   3335 |   6 |  881.7 |
               +--------+--------+--------+--------+--------+-----+--------+

Top non-repeatable levels by time:
     D:4: 1740 daAuts
     D:3: 1344 daAuts
     D:5: 901 daAuts
     D:2: 631 daAuts
     D:1: 567 daAuts
     D:6: 105 daAuts
